[ PARTIDA AOE2 · #505096028 ]
UnrankedPolacos vs Hindustanis
Equipo del jugador · DERR
Equipo rival · VICT
[ ANÁLISIS DE REPETICIÓN · EXTRAÍDO DE LA PARTIDA GRABADA ]
Feudal
10:56
Castillos
—
Imperial
—
| APM promedio | 73.0 |
| APM pico | 134 |
| eAPM promedio | 29.7 |
| Aldeanos / militares | 54 / 19 |
Foco
⚔️ 48.1% · 🌾 51.9%
Skirmisher ×13 · Spearman ×5 · Archer ×1
Feudal
10:38
Castillos
—
Imperial
—
| APM promedio | 104.1 |
| APM pico | 160 |
| eAPM promedio | 44.1 |
| Aldeanos / militares | 64 / 27 |
Foco
⚔️ 44.9% · 🌾 55.1%
Archer ×17 · Scout Cavalry ×6 · Militia ×4
Mapa de la partida
Recursos iniciales + cada clic de construcción. Líneas = muros · curvas = relieve. ◆ oro · ⬟ piedra · ● bayas · ✦ reliquia · ◌ hueco del cierre
Tu base· Abierta — flanco sin cerrar
Base de Speed· Abierta — flanco sin cerrar
Terreno inicial suavizado · ◌ = hueco del cierre detectado · pasá el cursor para detalles
Inputs por minuto
— NOC | Madtomski - - Speed
Build order — NOC | Madtomski
134 acciones detectadas en el replay
| 0:01 | Encolar | Villager (Male) |
| 0:02 | Encolar | Villager (Male) |
| 0:02 | Construir | House |
| 0:02 | Encolar | Villager (Male) |
| 0:03 | Construir | House |
| 0:03 | Encolar | Villager (Male) |
| 1:33 | Encolar | Villager (Male) |
| 1:54 | Encolar | Villager (Male) |
| 2:11 | Construir | Lumber Camp |
| 2:14 | Encolar | Villager (Male) |
| 2:33 | Encolar | Villager (Male) |
| 2:49 | Encolar | Villager (Male) |
| 3:08 | Construir | House |
| 3:39 | Encolar | Villager (Male) |
| 3:41 | Encolar | Villager (Male) |
| 4:14 | Encolar | Villager (Male) |
| 4:42 | Construir | Mill |
| 4:44 | Encolar | Villager (Male) |
| 4:57 | Encolar | Villager (Male) |
| 5:28 | Investigar | Loom |
| 6:00 | Encolar | Villager (Male) |
| 6:05 | Construir | Palisade Wall |
| 6:07 | Construir | Palisade Wall |
| 6:08 | Construir | Palisade Wall |
| 6:12 | Encolar | Villager (Male) |
| 6:34 | Encolar | Villager (Male) |
| 6:34 | Encolar | Villager (Male) |
| 6:43 | Encolar | Villager (Male) |
| 7:06 | Encolar | Villager (Male) |
| 7:17 | Construir | Mill |
| 7:29 | Encolar | Villager (Male) |
| 8:37 | Investigar | Feudal Age |
| 8:55 | Construir | Lumber Camp |
| 9:18 | Construir | Mining Camp |
| 9:25 | Construir | House |
| 9:27 | Construir | Palisade Wall |
| 9:38 | Construir | Palisade Wall |
| 10:22 | Construir | Barracks |
| 10:26 | Construir | Barracks |
| 10:30 | Encolar | Villager (Male) |
| 10:37 | Encolar | Villager (Male) |
| 10:56 | Edad | Edad Feudal |
| 11:16 | Construir | Archery Range |
| 11:23 | Encolar | Villager (Male) |
| 11:30 | Encolar | Villager (Male) |
| 11:36 | Encolar | Villager (Male) |
| 11:56 | Encolar | Archer |
| 12:01 | Construir | House |
| 12:10 | Investigar | Double-Bit Axe |
| 12:30 | Encolar | Skirmisher |
| 12:42 | Construir | Stone Wall |
| 12:48 | Encolar | Skirmisher |
| 12:48 | Encolar | Villager (Male) |
| 12:58 | Construir | Palisade Wall |
| 13:09 | Construir | Palisade Wall |
| 13:15 | Encolar | Skirmisher |
| 13:27 | Encolar | Skirmisher |
| 13:27 | Encolar | Villager (Male) |
| 13:34 | Construir | Stone Wall |
| 13:38 | Investigar | Horse Collar |
| 13:42 | Construir | Farm |
| 13:42 | Construir | Farm |
| 13:43 | Construir | Farm |
| 13:43 | Construir | Farm |
| 13:47 | Construir | Farm |
| 13:50 | Encolar | Skirmisher |
| 13:50 | Encolar | Villager (Male) |
| 14:00 | Construir | Stone Wall |
| 14:07 | Encolar | Villager (Male) |
| 14:14 | Construir | Stone Wall |
| 14:16 | Construir | Gate |
| 14:27 | Encolar | Villager (Male) |
| 14:33 | Encolar | Skirmisher |
| 14:33 | Encolar | Villager (Male) |
| 14:46 | Encolar | Skirmisher |
| 15:03 | Encolar | Villager (Male) |
| 15:19 | Construir | House |
| 15:22 | Construir | Mill |
| 15:22 | Construir | Farm |
| 15:22 | Construir | Farm |
| 15:23 | Construir | Farm |
| 15:23 | Construir | Farm |
| 15:23 | Construir | Farm |
| 15:23 | Construir | Farm |
| 15:23 | Encolar | Villager (Male) |
| 15:27 | Encolar | Skirmisher |
| 16:00 | Encolar | Villager (Male) |
| 16:18 | Encolar | Skirmisher |
| 16:29 | Construir | Stone Wall |
| 16:30 | Construir | Stone Wall |
| 16:32 | Encolar | Villager (Male) |
| 16:34 | Encolar | Villager (Male) |
| 16:36 | Construir | Mining Camp |
| 16:41 | Encolar | Skirmisher |
| 16:46 | Construir | House |
| 16:47 | Construir | Farm |
| 17:17 | Construir | Farm |
| 17:27 | Construir | Farm |
| 17:31 | Encolar | Villager (Male) |
| 17:48 | Construir | Stone Wall |
| 17:52 | Construir | Stone Wall |
| 18:04 | Encolar | Villager (Male) |
| 18:06 | Encolar | Skirmisher |
| 18:11 | Construir | Stone Wall |
| 18:35 | Encolar | Villager (Male) |
| 18:41 | Construir | Market |
| 18:48 | Encolar | Villager (Male) |
| 18:51 | Encolar | Villager (Male) |
| 18:55 | Encolar | Villager (Male) |
| 18:59 | Encolar | Skirmisher |
| 18:59 | Encolar | Villager (Male) |
| 19:00 | Encolar | Spearman |
| 19:05 | Encolar | Villager (Male) |
| 19:10 | Encolar | Villager (Male) |
| 19:17 | Encolar | Spearman |
| 19:19 | Encolar | Skirmisher |
| 19:34 | Encolar | Villager (Male) |
| 19:37 | Encolar | Spearman |
| 19:41 | Construir | Blacksmith |
| 20:04 | Encolar | Spearman |
| 20:04 | Encolar | Villager (Male) |
| 20:10 | Construir | House |
| 20:22 | Encolar | Villager (Male) |
| 20:32 | Encolar | Spearman |
| 20:32 | Encolar | Villager (Male) |
| 20:34 | Construir | Farm |
| 20:41 | Construir | Watch Tower |
| 20:44 | Encolar | Villager (Male) |
| 20:51 | Construir | Palisade Wall |
| 20:52 | Construir | House |
| 20:57 | Encolar | Villager (Male) |
| 21:08 | Encolar | Villager (Male) |
| 21:10 | Encolar | Villager (Male) |
| 21:15 | Construir | Archery Range |
Build order — Speed
149 acciones detectadas en el replay
| 0:00 | Encolar | Villager (Male) |
| 0:01 | Encolar | Villager (Male) |
| 0:01 | Encolar | Villager (Male) |
| 0:02 | Construir | House |
| 0:03 | Construir | House |
| 1:05 | Encolar | Villager (Male) |
| 1:35 | Encolar | Villager (Male) |
| 2:04 | Encolar | Villager (Male) |
| 2:04 | Encolar | Villager (Male) |
| 2:15 | Encolar | Villager (Male) |
| 2:15 | Encolar | Villager (Male) |
| 2:34 | Construir | Barracks |
| 2:51 | Encolar | Villager (Male) |
| 3:12 | Encolar | Villager (Male) |
| 3:30 | Encolar | Militia |
| 3:33 | Construir | House |
| 3:44 | Encolar | Villager (Male) |
| 3:47 | Encolar | Militia |
| 4:12 | Encolar | Villager (Male) |
| 4:31 | Encolar | Villager (Male) |
| 4:46 | Construir | House |
| 4:56 | Encolar | Militia |
| 5:03 | Encolar | Villager (Male) |
| 5:05 | Encolar | Villager (Male) |
| 5:45 | Encolar | Villager (Male) |
| 6:10 | Encolar | Villager (Male) |
| 6:42 | Encolar | Villager (Male) |
| 6:44 | Construir | Lumber Camp |
| 7:01 | Encolar | Villager (Male) |
| 7:22 | Encolar | Villager (Male) |
| 7:25 | Encolar | Villager (Male) |
| 7:36 | Construir | House |
| 7:59 | Investigar | Loom |
| 8:28 | Investigar | Feudal Age |
| 8:28 | Investigar | Feudal Age |
| 8:36 | Construir | Mining Camp |
| 8:59 | Construir | Mill |
| 9:28 | Construir | Farm |
| 9:29 | Construir | Farm |
| 9:44 | Encolar | Militia |
| 9:47 | Construir | Farm |
| 10:08 | Construir | House |
| 10:34 | Encolar | Villager (Male) |
| 10:38 | Edad | Edad Feudal |
| 10:42 | Investigar | Man-at-Arms (upgrade) |
| 10:42 | Investigar | Man-at-Arms (upgrade) |
| 10:46 | Encolar | Villager (Male) |
| 11:01 | Encolar | Villager (Male) |
| 11:08 | Construir | Archery Range |
| 11:12 | Encolar | Villager (Male) |
| 11:21 | Encolar | Villager (Male) |
| 11:25 | Encolar | Villager (Male) |
| 11:37 | Investigar | Double-Bit Axe |
| 11:37 | Investigar | Double-Bit Axe |
| 11:40 | Construir | Farm |
| 11:41 | Encolar | Villager (Male) |
| 11:54 | Construir | House |
| 12:07 | Encolar | Archer |
| 12:09 | Encolar | Villager (Male) |
| 12:10 | Construir | Farm |
| 12:18 | Construir | House |
| 12:19 | Construir | House |
| 12:26 | Encolar | Archer |
| 12:29 | Encolar | Villager (Male) |
| 12:33 | Investigar | Arson |
| 12:37 | Encolar | Villager (Male) |
| 12:38 | Construir | Farm |
| 12:43 | Construir | Farm |
| 12:51 | Encolar | Villager (Male) |
| 12:59 | Encolar | Archer |
| 13:00 | Encolar | Villager (Male) |
| 13:18 | Encolar | Archer |
| 13:20 | Encolar | Villager (Male) |
| 13:26 | Encolar | Villager (Male) |
| 13:34 | Construir | Blacksmith |
| 13:39 | Encolar | Archer |
| 13:45 | Encolar | Villager (Male) |
| 13:58 | Encolar | Archer |
| 14:05 | Construir | Farm |
| 14:11 | Investigar | Fletching |
| 14:11 | Investigar | Fletching |
| 14:17 | Encolar | Villager (Male) |
| 14:23 | Encolar | Villager (Male) |
| 14:33 | Encolar | Villager (Male) |
| 14:42 | Encolar | Archer |
| 14:42 | Encolar | Villager (Male) |
| 14:45 | Encolar | Villager (Male) |
| 14:52 | Encolar | Archer |
| 15:04 | Encolar | Villager (Male) |
| 15:07 | Encolar | Villager (Male) |
| 15:18 | Construir | Stable |
| 15:25 | Construir | Farm |
| 15:34 | Encolar | Villager (Male) |
| 15:39 | Encolar | Villager (Male) |
| 15:46 | Encolar | Villager (Male) |
| 15:49 | Construir | Farm |
| 15:50 | Construir | Farm |
| 15:56 | Encolar | Archer |
| 16:10 | Encolar | Scout Cavalry |
| 16:19 | Encolar | Archer |
| 16:20 | Encolar | Villager (Male) |
| 16:31 | Construir | Farm |
| 16:36 | Encolar | Scout Cavalry |
| 16:43 | Construir | House |
| 16:53 | Construir | House |
| 16:58 | Construir | Farm |
| 17:14 | Encolar | Archer |
| 17:15 | Encolar | Scout Cavalry |
| 17:17 | Construir | House |
| 17:20 | Encolar | Villager (Male) |
| 17:28 | Construir | House |
| 17:32 | Construir | Watch Tower |
| 17:36 | Encolar | Scout Cavalry |
| 17:49 | Encolar | Scout Cavalry |
| 17:50 | Investigar | Forging |
| 17:50 | Investigar | Scale Barding Armor |
| 17:51 | Construir | Farm |
| 17:53 | Construir | Farm |
| 17:55 | Construir | Farm |
| 17:56 | Construir | Farm |
| 17:58 | Investigar | Horse Collar |
| 17:58 | Investigar | Horse Collar |
| 18:08 | Encolar | Archer |
| 18:10 | Encolar | Villager (Male) |
| 18:11 | Construir | Farm |
| 18:13 | Construir | Farm |
| 18:14 | Encolar | Villager (Male) |
| 18:22 | Encolar | Villager (Male) |
| 18:36 | Encolar | Archer |
| 18:37 | Encolar | Villager (Male) |
| 18:47 | Encolar | Villager (Male) |
| 18:51 | Encolar | Villager (Male) |
| 18:55 | Encolar | Archer |
| 19:00 | Encolar | Archer |
| 19:02 | Encolar | Villager (Male) |
| 19:22 | Encolar | Scout Cavalry |
| 19:24 | Construir | Farm |
| 19:35 | Encolar | Villager (Male) |
| 20:04 | Encolar | Villager (Male) |
| 20:07 | Encolar | Villager (Male) |
| 20:13 | Encolar | Villager (Male) |
| 20:16 | Encolar | Archer |
| 20:20 | Encolar | Archer |
| 20:41 | Construir | Farm |
| 20:41 | Construir | Farm |
| 20:50 | Encolar | Villager (Male) |
| 21:06 | Encolar | Villager (Male) |
| 21:11 | Encolar | Villager (Male) |
| 21:12 | Encolar | Villager (Male) |
Cronología de la partida
| 2:34 | Speed · first_building Barracks |
| 6:05 | NOC | Madtomski · wall_segment Palisade Wall x3 |
| 6:07 | NOC | Madtomski · wall_segment Palisade Wall x1 |
| 6:08 | NOC | Madtomski · wall_segment Palisade Wall x1 |
| 9:27 | NOC | Madtomski · wall_segment Palisade Wall x1 |
| 9:38 | NOC | Madtomski · wall_segment Palisade Wall x2 |
| 10:22 | NOC | Madtomski · first_building Barracks |
| 10:38 | Speed · age_up feudal |
| 10:56 | NOC | Madtomski · age_up feudal |
| 11:08 | Speed · first_building Archery Range |
| 11:16 | NOC | Madtomski · first_building Archery Range |
| 12:42 | NOC | Madtomski · wall_segment Stone Wall x5 |
| 12:58 | NOC | Madtomski · wall_segment Palisade Wall x1 |
| 13:09 | NOC | Madtomski · wall_segment Palisade Wall x1 |
| 13:34 | NOC | Madtomski · wall_segment Stone Wall x4 |
| 14:00 | NOC | Madtomski · wall_segment Stone Wall x10 |
| 14:14 | NOC | Madtomski · wall_segment Stone Wall x14 |
| 15:18 | Speed · first_building Stable |
| 16:29 | NOC | Madtomski · wall_segment Stone Wall x9 |
| 16:30 | NOC | Madtomski · wall_segment Stone Wall x7 |
| 17:48 | NOC | Madtomski · wall_segment Stone Wall x1 |
| 17:52 | NOC | Madtomski · wall_segment Stone Wall x3 |
| 18:11 | NOC | Madtomski · wall_segment Stone Wall x6 |
| 20:51 | NOC | Madtomski · wall_segment Palisade Wall x1 |
| 21:19 | NOC | Madtomski · resign |
[ ANÁLISIS IA · 1 CRÉDITO ]
¿Qué pasó realmente en esta partida?
Wolo.gg analiza cada decisión: build order, eco, micro, errores típicos por bracket. Análisis personalizado por WhatsApp o Discord en 30 segundos.
Guía civ
Polacos
Perfil
Jugador #989253